 Dungeon Crawl Stone Soup version 0.28.0-43-g3370ac3207 (webtiles) character file.

Game seed: 10993667294014796724

59 Arcadio the Shooter (level 4, -3/28 HPs)
             Began as a Kobold Hunter on Mar 3, 2022.
             Was a Follower of Kikubaaqudgha.
             Slain by a gnoll
             ... wielding a +0 halberd
              (11 damage)
             ... on level 2 of the Dungeon.
             The game lasted 00:04:48 (2307 turns).

Arcadio the Shooter (Kobold Hunter)                 Turns: 2307, Time: 00:04:50

Health: -3/28      AC:  3    Str: 11    XL:     4   Next: 22%
Magic:  13/13      EV: 15    Int: 12    God:    Kikubaaqudgha [*.....]
Gold:   151        SH:  0    Dex: 15    Spells: 3/3 levels left

rFire   . . .      SeeInvis .   a - +1 shortbow
rCold   . . .      Faith    .   (shield currently unavailable)
rNeg    . . .      Spirit   .   c - +0 leather armour
rPois   .          Reflect  .   (no helmet)
rElec   .          Harm     .   (no cloak)
rCorr   .          Rampage  .   (no gloves)
Will    .....                   (no boots)
Stlth   +++.......              (no amulet)
HPRegen 0.09/turn               i - ring of magical power
MPRegen 0.13/turn               (no ring)

@: no status effects
A: small, no large weapons, nightstalker 3
a: Renounce Religion, Receive Corpses


You were on level 2 of the Dungeon.
You worshipped Kikubaaqudgha.
Kikubaaqudgha was aware of your devotion.
You visited 1 branch of the dungeon, and saw 2 of its levels.

You collected 151 gold pieces.

Inventory:

Hand Weapons
 a - a +1 shortbow (weapon)
 b - a +0 short sword
Missiles
 d - 29 arrows (quivered ammo)
Armour
 c - a +0 leather armour (worn)
Jewellery
 i - a ring of magical power (left hand)
Scrolls
 f - a scroll of enchant armour {unknown}
 h - a scroll of holy word {unknown}
 j - a scroll of magic mapping {unknown}
 k - a scroll of blinking {unknown}
 l - a scroll of amnesia {unknown}
 m - a scroll of identify
Potions
 e - 3 potions of curing
 g - a potion of might


   Skills:
 + Level 3.2 Fighting
 + Level 4.5 Bows
 + Level 3.5 Dodging
 - Level 1.3 Stealth


You had 3 spell levels left.
You didn't know any spells.
Your spell library contained the following spells:

 Spells                   Type           Power      Damage    Failure   Level
 Animate Skeleton         Necr           0%         N/A       41%         1
 Pain                     Necr           0%         1d4       41%         1
 Gell's Gravitas          Tloc           0%         N/A       78%         3
 Teleport Other           Tloc           0%         N/A       78%         3
 Vampiric Draining        Necr           0%         2d6       78%         3
 Agony                    Necr           0%         N/A       100%        5
 Dispersal                Tloc           0%         N/A       100%        6


Dungeon Overview and Level Annotations

Branches:
Dungeon (2/15)

Altars:
Kikubaaqudgha

Shops:
D:1 (


Innate Abilities, Weirdness & Mutations

You are small and have problems with some larger weapons.
You are completely attuned to the shadows.


Message History

There is an open door here.
Fire: 36 arrows
Press: ? - help, Q - select action, (/) - cycle Shift-Dir - straight line, f/p - gnoll
Aim: a gnoll, wielding a +0 halberd (heavily wounded, 66% to hit)
You shoot an arrow. The arrow completely misses the gnoll.
Fire: 35 arrows
Press: ? - help, Q - select action, (/) - cycle Shift-Dir - straight line, f/p - gnoll
Aim: a gnoll, wielding a +0 halberd (heavily wounded, 66% to hit)
You shoot an arrow. The arrow hits the gnoll.
The gnoll is severely wounded.
The gnoll completely misses you.
You see here a +0 flail.
Fire: 34 arrows
Press: ? - help, Q - select action, (/) - cycle Shift-Dir - straight line, f/p - gnoll
Aim: a gnoll, wielding a +0 halberd (severely wounded, 66% to hit)
You shoot an arrow. The arrow barely misses the gnoll.
The gnoll misses you.
Fire: 33 arrows
Press: ? - help, Q - select action, (/) - cycle Shift-Dir - straight line, f/p - gnoll
Aim: a gnoll, wielding a +0 halberd (severely wounded, 66% to hit)
You shoot an arrow. The arrow barely misses the gnoll.
The gnoll hits you from afar with a +0 halberd!
Fire: 32 arrows
Press: ? - help, Q - select action, (/) - cycle Shift-Dir - straight line, f/p - gnoll
Aim: a gnoll, wielding a +0 halberd (severely wounded, 66% to hit)
You shoot an arrow. The arrow barely misses the gnoll.
The gnoll closely misses you.
Fire: 31 arrows
Press: ? - help, Q - select action, (/) - cycle Shift-Dir - straight line, f/p - gnoll
Aim: a gnoll, wielding a +0 halberd (severely wounded, 66% to hit)
You shoot an arrow. The arrow closely misses the gnoll.
The gnoll hits you from afar with a +0 halberd!
* * * LOW HITPOINT WARNING * * *
Fire: 30 arrows
Press: ? - help, Q - select action, (/) - cycle Shift-Dir - straight line, f/p - gnoll
Aim: a gnoll, wielding a +0 halberd (severely wounded, 66% to hit)
You shoot an arrow. The arrow closely misses the gnoll.
The gnoll hits you from afar with a +0 halberd!
You die...
Kikubaaqudgha rasps: "You have failed me!
Welcome... death!"

.....# #....# #..........###.#
.....# #....#####..........# #.#
.....###....'..............###.#
............####.#..≈≈≈≈.....#.##
............+.(......≈♣..........
#...........####.#...≈≈P..##.#.##
#..)....##'## #.#....P...##.#.#
#.......##.# #.#........##.#.#
......####.# #@#........##.#.#
#####..# #.# #)#........##.#.#
##.###.# #g#.....#'#...#.#
#..##.# #.#.....#.#.#.#.#
##.##.#####(#.......#...#.#
#..#.##..)........##.###.#
########.#.##....(......+....#.#
...........##...........##.#.#.##
.....###...##...........##.#.#...


You could see a gnoll.

Vanquished Creatures
  An adder (D:2)
  A gnoll (D:2)
  A worm (D:2)
  4 dart slugs
  A bat (D:1)
  2 endoplasms (D:2)
  2 giant cockroaches
  A quokka (D:2)
  3 ball pythons
  3 frilled lizards (D:1)
  5 goblins
  A kobold (D:1)
  7 rats (D:1)
32 creatures vanquished.

Notes
Turn   | Place    | Note
-------+----------+-------------------------------------------
     0 | D:1      | Arcadio the Kobold Hunter began the quest for the Orb.
     0 | D:1      | Reached XP level 1. HP: 12/12 MP: 1/1
    46 | D:1      | Found Qooxo's Weapon Boutique.
   256 | D:1      | Found a faded altar of an unknown god.
   261 | D:1      | Prayed at the altar of an unknown god.
   261 | D:1      | Became a worshipper of Kikubaaqudgha
   261 | D:1      | Reached * piety under Kikubaaqudgha
   261 | D:1      | Received a gift from Kikubaaqudgha
   384 | D:1      | Reached XP level 2. HP: 18/18 MP: 2/2
  1235 | D:2      | Reached XP level 3. HP: 22/22 MP: 3/3
  2166 | D:2      | Reached XP level 4. HP: 28/28 MP: 4/4
  2307 | D:2      | Slain by a gnoll

Illustrated notes

Levels and vault maps discovered:
D:1:      lemuel_arrival_cross, layout_basic, serial_shops, shop,
          ebering_ecumenical_altar_abandoned, minmay_rat_gold_closets
D:2:      layout_basic, st_stairs_5, serial_bayou_pond_d, corexii_corridor_pit

Skill      XL: |  1  2  3 |
---------------+----------+-----
Dodging        | 3 |  3.5
Fighting       | 3 |  3.2
Bows           | |  4.5
Stealth        | |  1.3

Action                   |  1- 3 |  4- 6 || total
-------------------------+-------+-------++-------
Melee: Short sword       |    96 |     4 ||   100
       Punch             |     1 |       ||     1
 Fire: Shortbow          |     9 |    11 ||    20
  Use: Scroll            |     2 |       ||     2
 Stab: Sleeping          |    11 |     1 ||    12
Armor: Leather armour    |     7 |       ||     7
Dodge: Dodged            |    59 |     5 ||    64
